[Event "*** Titled Tuesday Blitz"]
[Site "Chess.com"]
[Date "2020.04.14"]
[Round "8"]
[White "Witik"]
[Black "ristingho"]
[Result "1-0"]
[WhiteElo "2705"]
[BlackElo "2457"]
[TimeControl "180+1"]
[EndTime "11:29:49 PDT"]
[Termination "Witik won on time"]

1. e4 c6 2. d4 d5 3. e5 Bf5 4. h4 c5 5. g4 Bd7 6. c3 Nc6 7. h5 cxd4 8. cxd4 Qb6 9. Nc3 Qxd4 10. Be3 Qxd1+ 11. Rxd1 e6 12. Nf3 Nh6 13. Bh3 O-O-O 14.
g5 Ng8 15. Nb5 Kb8 16. Nd6 Bxd6 17. exd6 h6 18. Rg1 hxg5 19. Rxg5 g6 20. hxg6 Rxh3 21. gxf7 Nf6 22. Nd4 Rh1+ 23. Kd2 Ne4+ 24. Ke2 Rxd1 25. Rg8 Rxd4 26. Rxd8+ Nxd8 27. f8=Q Kc8 28. Bxd4 Bb5+ 29.
Ke1 1-0

[Event "*** Titled Tuesday Blitz"]
[Site "Chess.com"]
[Date "2020.04.14"]
[Round "8"]
[White "Beca95"]
[Black "jacky72"]
[Result "1/2-1/2"]
[WhiteElo "2890"]
[BlackElo "2713"]
[TimeControl "180+1"]
[EndTime "11:29:50 PDT"]
[Termination "Game drawn by repetition"]

1. e4 e5 2. Nf3 Nc6 3. Bb5 a6 4. Ba4 d6 5. Bxc6+ bxc6 6. d4 exd4 7. Nxd4 c5 8. Nb3 Nf6 9. O-O Be7 10. Re1 O-O 11. c4 Be6 12. N3d2 Nd7 13. Nc3 Ne5 14. Qe2 Re8 15. b3 Bf6 16. Bb2 Nc6 17. Rab1 Nd4 18. Qd1 g6 19. Nd5 Bg7 20. h3 Qg5 21. Nf3 Nxf3+ 22.
Qxf3 Bxd5 23. cxd5 Bxb2 24. Rxb2 Re7 25. Rbe2 Rae8 26. g3 Qe5 27. Kg2 Qd4 28. g4 a5 29.
h4 Qe5 30. Re3 Kg7 31. R1e2 Qf6 32. g5 Qxf3+ 33. Kxf3 Ra8 34. a4 Rb8 35. Rc2 h6 36.
Kg3 hxg5 37. hxg5 Ree8 38. f4 f6 39. gxf6+ Kxf6 40. Kg4 Re7 41. e5+ dxe5 42. Rxc5 Rb4 43. Rxa5 Rxf4+ 44. Kg3 Kf5 45. Ra8 Kg5 46. a5 e4 47. a6 Ref7 48. Rh8 Rg4+ 49. Kh3 Rf1 50. Re2 Rh1+ 51. Rh2 Rhg1 52. Ra2 Rh1+ 53. Rh2 Rb1 54.
Ra2 Rh1+ 55. Rh2 1/2-1/2

[Event "*** Titled Tuesday Blitz"]
[Site "Chess.com"]
[Date "2020.04.14"]
[Round "8"]
[White "temiksmozg"]
[Black "TregubovP"]
[Result "1-0"]
[WhiteElo "2660"]
[BlackElo "2514"]
[TimeControl "180+1"]
[EndTime "11:29:50 PDT"]
[Termination "temiksmozg won by resignation"]

1. d4 Nf6 2. c4 e6 3. Nc3 Bb4 4. e3 O-O 5. Bd3 d5 6. Nf3 b6 7. O-O Bb7 8. cxd5 exd5 9. a3 Bd6 10. b4 a6 11. Qb3 Re8 12. a4 Nc6 13. b5 axb5 14.
Nxb5 Na5 15. Qc2 Ba6 16. Bd2 Ne4 17. Bxa5 bxa5 18. Rfc1 Qd7 19. Rab1 Rec8 20. Qc6 Qxc6 21. Rxc6 Bb7 22. Rc2 Bb4 23. Nxc7 Rab8 24. Rbc1 Nd6 25. Nb5 Rxc2 26. Rxc2 Ba6 27. Ne5 Nxb5 28. axb5 Bxb5 29.
Bxb5 Rxb5 30. Rc8+ Bf8 31. g3 Rb7 32. Ra8 f6 33. Nd3 Rb5 34. g4 Kf7 35. Ra7+ Be7 36. Nf4 g5 37. Nh5 Ke6 38. Ng7+ 1-0

[Event "*** Titled Tuesday Blitz"]
[Site "Chess.com"]
[Date "2020.04.14"]
[Round "8"]
[White "LileKoridze"]
[Black "Borsuk_Konstantin"]
[Result "0-1"]
[WhiteElo "2292"]
[BlackElo "2490"]
[TimeControl "180+1"]
[EndTime "11:29:50 PDT"]
[Termination "Borsuk_Konstantin won by resignation"]

1. d4 Nf6 2. c4 e6 3. g3 Bb4+ 4. Bd2 c5 5. Bg2 O-O 6. Bxb4 cxb4 7. Nf3 a5 8. O-O d6 9. Nbd2 Na6 10. e4 Nd7 11.
Qe2 e5 12. b3 b6 13. Rad1 Qe7 14. dxe5 dxe5 15. Rfe1 Nac5 16. Nf1 a4 17. Ne3 Bb7 18. Nd5 Bxd5 19. exd5 Qd6 20. Qc2 axb3 21. axb3 Ra3 22. Re3 Rfa8 23. Rde1 Ra2 24. Qf5 g6 25. Qh3 f6 26. Nh4 Ra1 27. Qg4 Kf7 28. Rxa1 Rxa1+ 29.
Bf1 e4 30. Qe2 f5 31. f3 Ne5 32. fxe4 Nxe4 33. Rxe4 fxe4 34. Qxe4 Qf6 35. Qe2 g5 36. Ng2 Nf3+ 37. Kh1 Nd2 38. Ne3 Rxf1+ 39. Nxf1 Qxf1+ 40. Qxf1+ Nxf1 41. Kg2 Nd2 0-1

[Event "*** Titled Tuesday Blitz"]
[Site "Chess.com"]
[Date "2020.04.14"]
[Round "8"]
[White "KingChess345"]
[Black "marianokar"]
[Result "1-0"]
[WhiteElo "2139"]
[BlackElo "2361"]
[TimeControl "180+1"]
[EndTime "11:29:50 PDT"]
[Termination "KingChess345 won on time"]

1. d4 Nf6 2. Nf3 e6 3. g3 d5 4.
Bg2 b5 5. O-O Bb7 6. c3 Nbd7 7.
Qb3 a6 8. a4 c5 9. Bg5 c4 10. Qc2 Be7 11. Nbd2 O-O 12. Rfe1 Qc7 13. Bxf6 Nxf6 14. Ne5 Bd6 15. e4 Bxe5 16. dxe5 Nxe4 17. Nxe4 dxe4 18. Bxe4 Bxe4 19. Qxe4 Rad8 20. Red1 g6 21.
h4 h5 22. Kh2 bxa4 23. Rxd8 Rxd8 24. Rxa4 Qb6 25. Qe2 Rb8 26. Rb4 Qa7 27. Rxc4 a5 28. Ra4 Qb6 29. Ra2 Qc5 30. Qe3 Qc4 31. Rxa5 Rxb2 32.
Ra8+ Kg7 33. Qf3 Rxf2+ 34. Qxf2 Qf4 35. Qxf4 1-0

[Event "*** Titled Tuesday Blitz"]
[Site "Chess.com"]
[Date "2020.04.14"]
[Round "8"]
[White "fmshawnrl123"]
[Black "YQPerez"]
[Result "0-1"]
[WhiteElo "2770"]
[BlackElo "2978"]
[TimeControl "180+1"]
[EndTime "11:29:51 PDT"]
[Termination "YQPerez won on time"]

1. c4 e5 2. g3 Nf6 3. Bg2 d5 4. cxd5 Nxd5 5. Nf3 Nc6 6. Nc3 Nb6 7. O-O Be7 8. d3 O-O 9. Be3 Re8 10. a3 Bf8 11. b4 a5 12. b5 Nd4 13. a4 Bg4 14.
Ne4 Bxf3 15. exf3 Qd7 16. f4 exf4 17. Bxf4 Nd5 18. Bd2 c6 19. bxc6 Nxc6 20. Re1 Rad8 21. Qh5 Ndb4 22. Bh3 Qd5 23. Bf5 h6 24. Bxh6 Nd4 25.
Nf6+ gxf6 26. Qg4+ Kh8 27. Be4 f5 28. Qh4 Rxe4 29. dxe4 Nf3+ 30. Kh1 Nxh4 31. exd5 Bxh6 32. gxh4 Rxd5 33. Rad1 Nd3 34. Re8+ Kg7 35. Kg1 Bf4 36. Rb1 Rd7 37. Rb5 Bh6 38. Rxa5 Nf4 39. f3 Ne6 0-1

[Event "*** Titled Tuesday Blitz"]
[Site "Chess.com"]
[Date "2020.04.14"]
[Round "8"]
[White "BakaPG"]
[Black "GamayevOleg"]
[Result "1-0"]
[WhiteElo "2719"]
[BlackElo "2521"]
[TimeControl "180+1"]
[EndTime "11:29:51 PDT"]
[Termination "BakaPG won on time"]

1. e4 d6 2. d4 Nf6 3. Nc3 e5 4. Nge2 exd4 5. Nxd4 Be7 6. f3 O-O 7. Be3 c6 8. Qd2 b5 9. O-O-O b4 10. Nce2 c5 11.
Nf5 Bxf5 12. exf5 d5 13. Kb1 d4 14. Bg5 Re8 15. Ng3 Nd5 16. Bxe7 Qxe7 17. Bb5 Nd7 18. Ne4 Rec8 19. Rhe1 N7f6 20. Ba6 Rcb8 21. Qd3 Ne3 22. Rd2 Rb6 23. Bc4 h6 24. g4 Nxe4 25. fxe4 Re8 26. Bb5 Reb8 27. Bc4 Re8 28. Bb5 Reb8 29. Ba4 Qe5 30.
Bb3 Rc8 31. Rxe3 dxe3 32. Qxe3 Re8 33. Bd5 Rd6 34. Qg1 Kh7 35. b3 f6 36. Qxc5 Red8 37. Qxb4 1-0

[Event "*** Titled Tuesday Blitz"]
[Site "Chess.com"]
[Date "2020.04.14"]
[Round "8"]
[White "okriak"]
[Black "Guenplen"]
[Result "1-0"]
[WhiteElo "2831"]
[BlackElo "2938"]
[TimeControl "180+1"]
[EndTime "11:29:52 PDT"]
[Termination "okriak won on time"]

1. Nf3 d5 2. c4 e6 3. e3 Nf6 4. b3 Be7 5. Bb2 O-O 6. Nc3 c5 7. cxd5 exd5 8. d4 Nc6 9. Be2 Ne4 10. O-O Bf6 11. Na4 Bg4 12. Rc1 cxd4 13. Nxd4 Bxd4 14. Bxg4 Bxb2 15. Nxb2 Qa5 16. Na4 Rad8 17. Bf3 Nd2 18. Re1 Ne5 19. Be2 b6 20. a3 b5 21. Nc5 Ne4 22. Nb7 Qxa3 23. Nxd8 Rxd8 24. Qd4 Ng6 25. Bxb5 Qxb3 26. Bd3 Nf6 27. Bxg6 hxg6 28. Qxa7 Ne4 29. Qd4 Qa2 30. Rf1 Nf6 31. Ra1 Qc2 32. Rfc1 Qf5 33. h3 Ne4 34. Ra2 Rb8 35. Rac2 Kh7 36. f3 Nf6 37. Kh1 g5 38. Rd2 1-0

[Event "*** Titled Tuesday Blitz"]
[Site "Chess.com"]
[Date "2020.04.14"]
[Round "8"]
[White "LiemLe"]
[Black "BlueWizzard"]
[Result "1-0"]
[WhiteElo "3003"]
[BlackElo "2773"]
[TimeControl "180+1"]
[EndTime "11:29:52 PDT"]
[Termination "LiemLe won on time"]

1. e4 c6 2. d4 g6 3. Nc3 d5 4. e5 Nh6 5. f4 Bg7 6. Nf3 f6 7. Bd3 Bg4 8. O-O Qb6 9. Kh1 fxe5 10. fxe5 O-O 11. Na4 Qc7 12. Bg5 Nf5 13. c3 Nd7 14. b4 a5 15. Nc5 Nxc5 16. bxc5 e6 17. Rb1 Rf7 18. Qc2 Raf8 19. Kg1 h6 20. Bd2 Qe7 21. h3 Bxf3 22. Rxf3 h5 23. Rbf1 Qh4 24.
Be1 Qg5 25. Qf2 Nh6 26. Bd2 Rxf3 27. Bxg5 Rxf2 28. Rxf2 Nf5 29. Rb2 Rf7 30. Bd8 Bh6 31. g4 hxg4 32. hxg4 Be3+ 33. Kg2 Nh6 34. Bxg6 Rg7 35.
Bh5 Bc1 36. Rc2 Bg5 37. Bf6 Bxf6 38. exf6 Rg5 39. Kf3 Kf8 40. Kf4 Rg8 41. Rb2 1-0

[Event "*** Titled Tuesday Blitz"]
[Site "Chess.com"]
[Date "2020.04.14"]
[Round "8"]
[White "ChesterF"]
[Black "MiroVlasenko"]
[Result "0-1"]
[WhiteElo "2501"]
[BlackElo "2664"]
[TimeControl "180+1"]
[EndTime "11:29:52 PDT"]
[Termination "MiroVlasenko won on time"]

1. e4 Nc6 2. Nf3 d6 3. d4 Nf6 4. Nc3 g6 5. Be3 Bg7 6. Qd2 Ng4 7. Bg5 h6 8. Bh4 g5 9. Bg3 e5 10. dxe5 Ngxe5 11. Nxe5 Nxe5 12. Be2 Be6 13. O-O h5 14. h3 h4 15. Bh2 g4 16. hxg4 Nxg4 17. Bxg4 Bxg4 18. Nd5 h3 19. g3 c6 20. Nf4 Be5 21.
f3 Bd7 22. Kh1 Qg5 23. c3 O-O-O 24. Rad1 Rdg8 25. g4 Bxg4 26. fxg4 Qxg4 27. Rf2 Qh4 28.
Qe2 Kc7 29. Qf3 Rg7 30. Nd3 Bxh2 31. Rxh2 Rg2 32. Qxf7+ Kb6 33. Qf4 Qh5 34. Rf1 Qe2 35. Rf2 Qxd3 36. Rfxg2 hxg2+ 37. Kxg2 Rg8+ 38. Kf2 Qc2+ 39. Ke3 Qc1+ 40. Kf3 Qf1+ 41. Ke3 Qe1+ 42. Kd3 Rg3+ 43.
Kc4 d5+ 44. Kb3 dxe4 45. Qe5 Rd3 46. Rh7 Qd1+ 0-1

[Event "*** Titled Tuesday Blitz"]
[Site "Chess.com"]
[Date "2020.04.14"]
[Round "8"]
[White "mjray79"]
[Black "cancrushyou"]
[Result "1-0"]
[WhiteElo "2275"]
[BlackElo "2417"]
[TimeControl "180+1"]
[EndTime "11:29:52 PDT"]
[Termination "mjray79 won by resignation"]

1. d4 Nf6 2. c4 e6 3. g3 d5 4. Bg2 dxc4 5. Nf3 a6 6. O-O Nc6 7. a4 Rb8 8. e3 Bd6 9. Nc3 O-O 10. e4 e5 11. d5 Nb4 12. b3 cxb3 13. Qxb3 c5 14.
dxc6 Be6 15. Qd1 bxc6 16. Bg5 Bc4 17. Re1 h6 18. Be3 Nd3 19. Re2 Nb2 20. Qe1 Bxe2 21. Qxe2 Qa5 22. Bd2 Bb4 23. Rc1 Nxa4 24. Nxa4 Bxd2 25.
Qxd2 Qxa4 26. Nxe5 Nxe4 27. Qf4 Nc3 28. Rxc3 Rb1+ 29. Bf1 Qb5 30. Rc4 f6 31. Nxc6 Re8 32. Kg2 Ree1 33. Ne7+ Kf7 34. Bd3 Qb7+ 35. Nc6 Rb6 36. Qf3 Re6 37. Nd8+ 1-0

[Event "*** Titled Tuesday Blitz"]
[Site "Chess.com"]
[Date "2020.04.14"]
[Round "8"]
[White "Ziyamammadov"]
[Black "ClockworkKubrick"]
[Result "0-1"]
[WhiteElo "1792"]
[BlackElo "2205"]
[TimeControl "180+1"]
[EndTime "11:29:52 PDT"]
[Termination "ClockworkKubrick won on time"]

1. e4 d6 2. Nf3 Nf6 3. c3 g6 4.
Bd3 Bg7 5. O-O e5 6. Bc2 O-O 7. d4 c6 8. dxe5 dxe5 9. Nxe5 Nxe4 10. Qxd8 Rxd8 11. Nxf7 Kxf7 12. Bxe4 Nd7 13. Bg5 Bf6 14. Bf4 Nc5 15. Bf3 Na4 16. Bc1 Bf5 17.
Nd2 Nxc3 18. Nc4 Na4 19. Bf4 g5 20. Bc7 Rd7 21. Nd6+ Kg6 22. Nxf5 Kxf5 23. Bg3 Nxb2 24. Rae1 Kg6 25. Be4+ Kg7 26. Bf5 Rd2 27. Be5 Rf8 28. Bxf6+ Rxf6 29. Bb1 Nd3 30. Re7+ Rf7 31. Rxf7+ Kxf7 32. a4 b5 33. axb5 cxb5 34. g3 a5 35. f4 g4 36. Bxd3 Rxd3 37. Rc1 a4 38. Rc7+ Ke6 39. Rxh7 a3 40. Ra7 b4 41. Ra6+ Kf5 42. Kf2 Rd2+ 43. Ke3 Rxh2 44. Ra5+ Ke6 45. Ra4 a2 46. Ke4 b3 47.
f5+ Kd7 48. f6 Rf2 49. Ke5 Rf1 0-1

[Event "*** Titled Tuesday Blitz"]
[Site "Chess.com"]
[Date "2020.04.14"]
[Round "8"]
[White "Niklas2304"]
[Black "gixfantastix"]
[Result "1-0"]
[WhiteElo "2406"]
[BlackElo "2069"]
[TimeControl "180+1"]
[EndTime "11:29:53 PDT"]
[Termination "Niklas2304 won by resignation"]

1. e4 Nf6 2. e5 Nd5 3. d4 d6 4. c4 Nb6 5. exd6 exd6 6. Nc3 Nc6 7. d5 Ne5 8. f4 Ng4 9. Nf3 Be7 10. Bd3 O-O 11. O-O f5 12. b3 Bf6 13. Qc2 Re8 14.
h3 Ne3 15. Bxe3 Rxe3 16. Rae1 Qe7 17. Ne2 g6 18. Qd2 Bd7 19. Ned4 Re8 20. Ne6 Rxe1 21. Rxe1 Bxe6 22. Rxe6 Qf7 23. Qe3 Rxe6 24. dxe6 Qe7 25.
g4 Nd7 26. gxf5 c5 27. fxg6 hxg6 28. Bxg6 Nf8 29. Bf7+ Kh8 30. f5 Bg7 31. Qg5 Qxg5+ 32. Nxg5 Bd4+ 33. Kg2 Kg7 34. Ne4 Be5 35. Kf3 Nh7 36. Bg6 Nf8 37. e7 Nxg6 38. fxg6 Kxg6 39. e8=Q+ Kg7 40. Nxd6 Bxd6 41. Qd7+ Kf8 42. Qxd6+ 1-0

[Event "*** Titled Tuesday Blitz"]
[Site "Chess.com"]
[Date "2020.04.14"]
[Round "8"]
[White "Gordima"]
[Black "grzechu96"]
[Result "0-1"]
[WhiteElo "2749"]
[BlackElo "2617"]
[TimeControl "180+1"]
[EndTime "11:29:54 PDT"]
[Termination "grzechu96 won on time"]

1. d4 d5 2. c4 c6 3. Nf3 Nf6 4. e3 Bg4 5. h3 Bh5 6. Nc3 e6 7. g4 Bg6 8. Ne5 Nbd7 9. Nxg6 hxg6 10. g5 Ne4 11. Nxe4 dxe4 12. h4 Bb4+ 13. Bd2 Qa5 14.
a3 Bxd2+ 15. Qxd2 Qxd2+ 16. Kxd2 f5 17. Kc3 Ke7 18. c5 Rh7 19. b4 Rah8 20. b5 Rxh4 21. Rxh4 Rxh4 22. bxc6 bxc6 23. Ba6 Rh2 24. Rb1 Rxf2 25.
Rb7 f4 26. Rxa7 fxe3 27. Bc8 Ra2 28. Rxd7+ Ke8 29. Rb7 Rxa3+ 30. Kc2 Ra1 31. Rb8 Ke7 32. d5 cxd5 33. Rb7+ Kd8 34. Bxe6 e2 35. c6 Rc1+ 0-1

[Event "*** Titled Tuesday Blitz"]
[Site "Chess.com"]
[Date "2020.04.14"]
[Round "8"]
[White "EvgenyRomanov"]
[Black "Nesty_Javi_Chess"]
[Result "1-0"]
[WhiteElo "2572"]
[BlackElo "2758"]
[TimeControl "180+1"]
[EndTime "11:29:54 PDT"]
[Termination "EvgenyRomanov won by resignation"]

1. c4 c5 2. Nf3 g6 3. d4 cxd4 4. Nxd4 Bg7 5. e4 Nc6 6. Be3 Nf6 7. Nc3 d6 8. Be2 O-O 9. O-O Nxd4 10. Bxd4 Be6 11. Rc1 Rc8 12. b3 a6 13. Qd2 b5 14.
cxb5 axb5 15. Bxb5 Qa5 16. Qd3 Rb8 17. Ba4 Rfc8 18. h3 Qh5 19. Ne2 Qg5 20. f4 Qa5 21. f5 gxf5 22. exf5 Bxf5 23. Qxf5 Qxf5 24. Rxf5 Rxc1+ 25. Nxc1 Rc8 26. Ne2 Ne4 27. Bxg7 Kxg7 28. Bb5 e6 29. Rf4 d5 30. Bd3 Nc5 31. Bc2 Nd7 32. Bd1 Ne5 33. a4 Nd3 34. Rd4 Ne5 35.
a5 Kf6 36. a6 Ke7 37. Ra4 Ra8 38. Nd4 Kd6 39. Be2 Kc5 40. Nf3 Nc6 41. Ng5 Nd4 42. b4+ Kb6 43. Bf1 Ra7 44. Nxh7 f5 45. Nf6 Nc6 46. b5 Ne5 47. h4 Kc5 48. h5 Nf7 49. g4 fxg4 50. Nxg4 e5 51. h6 Kd6 52. b6 Ra8 53. b7 Rg8 54. a7 e4 1-0

[Event "*** Titled Tuesday Blitz"]
[Site "Chess.com"]
[Date "2020.04.14"]
[Round "8"]
[White "flavicol64"]
[Black "LogoCzar"]
[Result "1/2-1/2"]
[WhiteElo "2281"]
[BlackElo "2426"]
[TimeControl "180+1"]
[EndTime "11:29:54 PDT"]
[Termination "Game drawn by repetition"]

1. d4 d5 2. c4 c6 3. Nc3 Nf6 4. Nf3 e6 5. e3 Nbd7 6. b3 Bb4 7. Bd2 Bd6 8. Qc2 O-O 9. Bd3 e5 10. cxd5 cxd5 11. Nb5 Bb8 12. dxe5 Nxe5 13. Be2 a6 14. Nbd4 Bd7 15. O-O Bd6 16. Qb2 Qe7 17. Bc3 Ne4 18. Rac1 Ba3 19. Qa1 Bxc1 20. Rxc1 Nxf3+ 21. Bxf3 Nxc3 22. Rxc3 Be6 23. Qc1 Rac8 24. Nxe6 Rxc3 25. Qxc3 fxe6 26. Qe5 Rc8 27. g4 Qf6 28. Qg3 Qa1+ 29. Kg2 Qxa2 30.
Qe5 Kf7 31. Bxd5 exd5 32. Qf5+ Ke7 33. Qxc8 Qxb3 34. Qc5+ Kd7 35. Qd4 Qc4 36. Qxg7+ Kc6 37. Qf6+ Kb5 38. Qb2+ Kc5 39. Qa3+ Qb4 40. Qc1+ Kd6 41. f4 a5 42. Qa1 Qd2+ 43. Kf3 Qxh2 44. Qa3+ Kc6 45. Qxa5 Qh3+ 46. Kf2 Qxg4 47. Qa4+ Kd6 48.
Qb4+ Kc7 49. Qc5+ Kb8 50. Qxd5 Qh4+ 51. Ke2 Qg4+ 52. Kf2 Qh4+ 53. Ke2 Qg4+ 54. Kf2 1/2-1/2

[Event "*** Titled Tuesday Blitz"]
[Site "Chess.com"]
[Date "2020.04.14"]
[Round "8"]
[White "picturesquecheck"]
[Black "GrafLermontov"]
[Result "0-1"]
[WhiteElo "2206"]
[BlackElo "2383"]
[TimeControl "180+1"]
[EndTime "11:29:54 PDT"]
[Termination "GrafLermontov won by resignation"]

1. e4 c5 2. Nf3 e6 3. d4 cxd4 4.
Nxd4 Nc6 5. Be2 Qc7 6. O-O a6 7. Nc3 Nf6 8. Be3 Be7 9. f4 d6 10. Qe1 b5 11. a3 Bb7 12. Qg3 g6 13. Bf3 Rc8 14. Rad1 Na5 15. f5 e5 16. Nb3 Nc4 17. Bg5 Nxb2 18. fxg6 hxg6 19. Bxf6 Bxf6 20. Bg4 Qxc3 21. Bxc8 Qxg3 22. hxg3 Bxc8 23. Rb1 Bg5 24.
Rxb2 Be3+ 25. Rf2 Bxf2+ 26. Kxf2 Be6 27. Nd2 Kd7 28. Rb4 Rc8 29. Rb2 Rc3 30. Nb1 Rc4 31.
Ke3 f5 32. exf5 gxf5 33. Nd2 Ra4 34. Nb1 Bd5 35. Kf2 e4 36. Rb4 Rxb4 37. axb4 Ke6 38.
Ke3 Ke5 39. Nc3 Bc4 40. g4 d5 41. Nd1 d4+ 42. Kf2 fxg4 43. Nb2 e3+ 44. Ke1 Ke4 45. Kd1 Kf4 46. Ke1 Kg3 0-1

[Event "*** Titled Tuesday Blitz"]
[Site "Chess.com"]
[Date "2020.04.14"]
[Round "8"]
[White "Sebastian"]
[Black "stanyga"]
[Result "1-0"]
[WhiteElo "2998"]
[BlackElo "2679"]
[TimeControl "180+1"]
[EndTime "11:29:58 PDT"]
[Termination "Sebastian won on time"]

1. e4 c5 2. Nf3 Nc6 3. d4 cxd4 4. Nxd4 e6 5. Nc3 Qc7 6. Be3 a6 7. Qd2 Nf6 8. O-O-O Be7 9. f3 O-O 10. g4 Rd8 11. g5 Nh5 12. Kb1 b5 13. Bd3 Nxd4 14. Bxd4 Nf4 15. Rhg1 b4 16. Na4 Rb8 17. Bf6 Bxf6 18.
gxf6 g6 19. Qf2 Qe5 20. Qh4 Kh8 21. Rg4 Rg8 22. Rdg1 Bb7 23. Nb6 Bc6 24. Nc4 Qd4 25.
b3 g5 26. Rxg5 Qxg1+ 27. Rxg1 Rxg1+ 28. Kb2 Nxd3+ 29. cxd3 Rg2+ 30. Kc1 Rbg8 31. Ne5 Rg1+ 32. Kd2 Rf8 33. Qh6 Rgg8 34. Ke3 Bb5 35. Qh4 d6 36.
Ng4 Rg6 37. Nh6 e5 38. d4 1-0

[Event "*** Titled Tuesday Blitz"]
[Site "Chess.com"]
[Date "2020.04.14"]
[Round "8"]
[White "Firegrizzly"]
[Black "mrkvoz"]
[Result "0-1"]
[WhiteElo "2590"]
[BlackElo "2783"]
[TimeControl "180+1"]
[EndTime "11:29:58 PDT"]
[Termination "mrkvoz won by resignation"]

1. e4 d6 2. d4 Nf6 3. Bd3 e5 4.
c3 Nc6 5. Nf3 Bg4 6. d5 Ne7 7.
Nbd2 Ng6 8. h3 Bd7 9. g3 Be7 10. a4 O-O 11. a5 c6 12. c4 h6 13. b4 Nh7 14. a6 bxa6 15. dxc6 Bxc6 16. Rxa6 Bb7 17. Ra2 Ng5 18. Nxg5 Bxg5 19. h4 Bxd2+ 20. Bxd2 f5 21. Qe2 f4 22. h5 Nh8 23. gxf4 exf4 24. Qg4 Nf7 25. Rg1 Ng5 26. Bxf4 Bc8 27. Bxg5 Qb6 28.
Qg3 hxg5 29. Qxg5 Qxb4+ 30. Ke2 Rf7 31. h6 Be6 32. Rb1 Qc3 33. Rc2 Qd4 34. h7+ Kh8 35. Qe3 Bg4+ 36. Ke1 Qxe3+ 37. fxe3 a5 38. Rf2 Re7 39. Ra1 Bh5 40. Rf5 Bg6 41. Rfxa5 Rxa5 42. Rxa5 Bxe4 43. Bxe4 Rxe4 44. Ra4 Rxe3+ 45. Kd2 Re6 46. Kd3 Kxh7 47. Kd4 g5 48. Kd5 Rg6 49. Ra3 g4 50.
Rg3 Kh6 51. Ke4 Kg5 52. Rg1 Rf6 53. Rh1 g3 54. Rg1 Kg4 55. c5 dxc5 56. Ke5 Rf8 57. Kd5 Rf5+ 58. Kc4 Kh3 59. Rf1 Rxf1 0-1

[Event "*** Titled Tuesday Blitz"]
[Site "Chess.com"]
[Date "2020.04.14"]
[Round "8"]
[White "MergenKakabaev"]
[Black "kekic76"]
[Result "1-0"]
[WhiteElo "2455"]
[BlackElo "2288"]
[TimeControl "180+1"]
[EndTime "11:29:58 PDT"]
[Termination "MergenKakabaev won by resignation"]

1. e4 e6 2. d4 d5 3. e5 c5 4. c3 Qb6 5. Nf3 Bd7 6. a3 Bb5 7. g3 Bxf1 8. Kxf1 Nc6 9. Kg2 a5 10. Qa4 Ra6 11. Nbd2 h5 12. h4 Nh6 13. Nb3 c4 14.
Nbd2 Nf5 15. Nf1 g6 16. Qc2 Be7 17. Ne3 a4 18. Nxf5 exf5 19. Bg5 Nd8 20. Bxe7 Kxe7 21. Ng5 Ne6 22. Qd2 Qd8 23. Rae1 Rb6 24. Re2 Rb5 25. f3 Nxg5 26. Qxg5+ Ke6 27. Qf4 Qe7 28. g4 Rg8 29.
Kh3 Kd7 30. gxf5 gxf5 31. Qxf5+ Qe6 32. Qxe6+ Kxe6 33. Rhh2 Kf5 34. Rhg2 Rxg2 35. Rxg2 Kf4 36. Rg7 Rxb2 37. Rxf7+ Ke3 38. e6 Kd3 39. Rf5 Re2 40. Re5 Rxe5 41. dxe5 d4 42. e7 dxc3 43. e8=Q c2 44.
Qg6+ Kd2 45. e6 1-0

[Event "*** Titled Tuesday Blitz"]
[Site "Chess.com"]
[Date "2020.04.14"]
[Round "8"]
[White "Gareth-Bale11"]
[Black "I_like_Kasparov"]
[Result "1-0"]
[WhiteElo "2774"]
[BlackElo "2365"]
[TimeControl "180+1"]
[EndTime "11:29:59 PDT"]
[Termination "Gareth-Bale11 won by checkmate"]

1. g3 c6 2. b3 d5 3. Bb2 Nf6 4. c4 Be6 5. d3 Nbd7 6. Bg2 Bg4 7. Nf3 e6 8. Nbd2 Bd6 9. O-O Qe7 10.
a3 O-O 11. b4 a5 12. c5 Bc7 13. h3 Bxf3 14. Nxf3 e5 15. e3 Rfe8 16. Qb3 a4 17. Qc2 Nf8 18. Rab1 Ng6 19. Ba1 Qd7 20. e4 dxe4 21. dxe4 Nf8 22. Rfd1 Qe7 23. Bf1 Red8 24.
Bc4 h6 25. Kg2 Ng6 26. Bb2 Nh5 27. Rxd8+ Rxd8 28. Rd1 Rxd1 29. Qxd1 Kh7 30. Qxa4 Qd7 31. Bc1 Nf6 32. Qc2 Nh5 33. a4 b6 34. Be3 bxc5 35.
Bxc5 Nhf4+ 36. gxf4 Nxf4+ 37. Kf1 Qxh3+ 38. Ke1 Qxf3 39. a5 Ng2+ 40. Kd2 Bd8 41. Qd1 Bg5+ 42.
Kc2 Qa3 43. Bxf7 Qa2+ 44. Bxa2 Nf4 45. a6 h5 46. a7 h4 47. a8=Q h3 48. Qd6 h2 49. Qg8# 1-0

[Event "*** Titled Tuesday Blitz"]
[Site "Chess.com"]
[Date "2020.04.14"]
[Round "8"]
[White "IMRosen"]
[Black "Generalas"]
[Result "1/2-1/2"]
[WhiteElo "2478"]
[BlackElo "2320"]
[TimeControl "180+1"]
[EndTime "11:29:59 PDT"]
[Termination "Game drawn by repetition"]

1. d4 Nf6 2. Bf4 e6 3. e3 b6 4.
Qf3 Nc6 5. Nc3 Bb7 6. O-O-O Bb4 7. Nge2 Rb8 8. Qh3 Ne7 9. Bg5 Ned5 10. Nxd5 Bxd5 11.
Kb1 Be7 12. f3 O-O 13. e4 Bb7 14. Nc1 d6 15. Bd3 h6 16. e5 Nd5 17. Bxh6 gxh6 18. Qxh6 f5 19. g4 Bg5 20. Qxe6+ Rf7 21. gxf5 Nf4 22.
Qb3 Bd5 23. Bc4 Bxc4 24. Qxc4 d5 25. Qb3 Rxf5 26. Rdg1 Kh7 27. h4 Bh6 28. Nd3 Nh5 29. Nb4 Qf8 30. Nc6 Re8 31. Qxd5 Rxf3 32. Nxa7 Qf7 33. Qe4+ Qf5 34. Qb7 Re7 35. Nc6 Rg7 36.
a3 Rxg1+ 37. Rxg1 Rf1+ 38. Rxf1 Qxf1+ 39. Ka2 Qc4+ 40. Kb1 Qf1+ 41. Ka2 Qc4+ 42. Kb1 Qf1+ 1/2-1/2

[Event "*** Titled Tuesday Blitz"]
[Site "Chess.com"]
[Date "2020.04.14"]
[Round "8"]
[White "Larina_Marija"]
[Black "HouseOfDurin"]
[Result "1-0"]
[WhiteElo "2333"]
[BlackElo "2075"]
[TimeControl "180+1"]
[EndTime "11:29:59 PDT"]
[Termination "Larina_Marija won on time"]

1. g3 c5 2. Bg2 Nc6 3. e4 g6 4.
d3 Bg7 5. Nc3 d6 6. Be3 h6 7.
Nge2 e5 8. O-O Nge7 9. f4 f5 10. Nd5 Nxd5 11. exd5 Nd4 12. c3 Nxe2+ 13. Qxe2 b6 14.
Qd2 exf4 15. Bxf4 Kf7 16. g4 Kg8 17. gxf5 Bxf5 18. Rae1 Kh7 19. Be4 Qf6 20. Bg3 Rhf8 21. Qg2 Rad8 22. Bxf5 gxf5 23. Re6 Qg5 24. Bxd6 Qxg2+ 25. Kxg2 Rf7 26. c4 Bxb2 27. Kf3 Bg7 28. Bf4 Rf6 29.
Rfe1 Rdf8 30. Re7 R6f7 31. a4 Bd4 32. R1e6 Kg7 33. Bxh6+ Kg8 34. Bxf8 Rxf8 35. Rxa7 f4 36. Rg6+ Kh8 37. d6 Be3 38. d7 Rd8 39. Re6 Rxd7 40.
Rxd7 1-0

[Event "*** Titled Tuesday Blitz"]
[Site "Chess.com"]
[Date "2020.04.14"]
[Round "8"]
[White "zivicd"]
[Black "BillCoe"]
[Result "1-0"]
[WhiteElo "2205"]
[BlackElo "2055"]
[TimeControl "180+1"]
[EndTime "11:29:59 PDT"]
[Termination "zivicd won by resignation"]

1. e4 c5 2. Nc3 e6 3. g3 Nc6 4. Bg2 g6 5. d3 Bg7 6. Be3 b6 7. Qd2 h6 8. Nge2 Nge7 9. d4 cxd4 10. Nxd4 Nxd4 11. Bxd4 O-O 12. Bxg7 Kxg7 13. e5 Nc6 14.
O-O Qc7 15. f4 Rd8 16. Nb5 Qb8 17. Nd6 Ba6 18. c4 Qc7 19. b3 Rab8 20. Rac1 Ne7 21. g4 Nc8 22. Ne4 Bb7 23. Nf6 d6 24. Qc3 Bxg2 25. Kxg2 Qc6+ 26. Rf3 Ne7 27. exd6 Kf8 28. Nh7+ Kg8 29. dxe7 Kxh7 30. exd8=Q Rxd8 31. Kg3 h5 32. h3 Qc7 33. Qe5 Qe7 34. gxh5 f6 35. hxg6+ Kxg6 36. Qe4+ Kh6 37. f5 Rg8+ 38. Kf2 Qc5+ 39. Qe3+ Qxe3+ 40. Kxe3 e5 41. Rcf1 Rd8 42. R1f2 Rd4 43. Rg3 Rd1 44.
Rg6+ Kh5 45. Rxf6 Re1+ 46. Kf3 1-0

[Event "*** Titled Tuesday Blitz"]
[Site "Chess.com"]
[Date "2020.04.14"]
[Round "8"]
[White "11kevin"]
[Black "IMUffeVinther-Schou"]
[Result "1-0"]
[WhiteElo "2565"]
[BlackElo "2344"]
[TimeControl "180+1"]
[EndTime "11:30:00 PDT"]
[Termination "11kevin won on time"]

1. d4 Nf6 2. c4 e6 3. g3 c5 4. Nf3 cxd4 5. Nxd4 Nc6 6. Bg2 Qb6 7. Nb3 Bb4+ 8. Bd2 O-O 9. O-O a6 10. Nc3 Be7 11.
c5 Qc7 12. Na4 Rb8 13. Bf4 e5 14. Bd2 d6 15. cxd6 Bxd6 16. Rc1 Be6 17. Be3 Qe7 18.
Bb6 Rbc8 19. Nac5 Bg4 20. h3 Bh5 21. Qd2 Bb8 22. Rfd1 Bc7 23. Nxb7 Bxb6 24. Rxc6 Qxb7 25. Rxf6 Qa7 26. Rf5 Bg6 27. Rxe5 Bxf2+ 28. Kh2 Rc2 29. Qf4 Bb6 30. Rd2 Bc7 31. Rxc2 Bxc2 32. Qe3 Bb6 33.
Qc3 Bg6 34. Nc5 Rd8 35. b4 Bc7 36. Re3 Qb6 37. a4 Qd6 38. Ne4 Qb6 39. Rd3 Re8 40. Qc4 Be5 41. Nc5 Qc7 42. Re3 a5 43. b5 1-0